3L
ECHO PARK LAKERS @ TOLEDO STINGERS
06/07/2042
 
TOP OF THE 1ST
Echo Park Lakers batting - Pitching for Toledo Stingers : RHP John Rigsby
Pitching: RHP John Rigsby
Batting: LHB Ramón Torres 0-0: Ball
1-0: Foul Ball, location: 2F
1-1: Ball
2-1: Foul Ball, location: 2F
2-2: Ground out 1-3 (Groundball, 13S, EV 66.2 MPH)
Batting: LHB Joe Schreibvogel 0-0: Ball
1-0: Foul Ball, location: 2F
1-1: Ball
2-1: Foul Ball, location: 2F
2-2: Foul Ball, location: 2F
2-2: Foul Ball, location: 2F
2-2: Fly out, F9 (Flyball, 9S, EV 80.0 MPH)
Batting: LHB Philip Todd 0-0: Ball
1-0: Ground out 4-3 (Groundball, 4S, EV 88.8 MPH)
Top of the 1st over - 0 runs, 0 hits, 0 errors, 0 left on base; Echo Park 0 - Toledo 0
BOTTOM OF THE 1ST
Toledo Stingers batting - Pitching for Echo Park Lakers : LHP Luis Díaz
Pitching: LHP Luis Díaz
Batting: RHB Brook Linen 0-0: Ball
1-0: Called Strike
1-1: Foul Ball, location: 2F
1-2: Ball
2-2: Strikes out swinging
Batting: LHB Matt Dunlap 0-0: Ball
1-0: Ball
2-0: Swinging Strike
2-1: Foul Ball, location: 2F
2-2: Foul Ball, location: 2F
2-2: Ball
3-2: Strikes out swinging
Batting: RHB Baldomero Avino 0-0: Fly out, F8 (Flyball, 8RD, EV 80.6 MPH)
Bottom of the 1st over - 0 runs, 0 hits, 0 errors, 0 left on base; Echo Park 0 - Toledo 0
TOP OF THE 2ND
Echo Park Lakers batting - Pitching for Toledo Stingers : RHP John Rigsby
Batting: LHB Jonathan Winston 0-0: Ball
1-0: Ball
2-0: Called Strike
2-1: Called Strike
2-2: Foul Ball, location: 2F
2-2: Strikes out swinging
Batting: LHB Jon Kelly 0-0: Called Strike
0-1: Ball
1-1: Foul Ball, location: 2F
1-2: Ground out 4-3 (Groundball, 4MS, EV 80.6 MPH)
Batting: LHB Ben Bullock 0-0: Ball
1-0: Ball
2-0: SINGLE (Line Drive, 7S, EV 95.0 MPH)
Batting: RHB Ryoma Yamamoto 0-0: Ball
1-0: Foul Ball, location: 2F
1-1: Called Strike
1-2: Ball
Ben Bullock steals 2nd, throwing error, E2
Ben Bullock to third
2-2: Ground out U3 (Groundball, 3L, EV 87.5 MPH)
Top of the 2nd over - 0 runs, 1 hit, 1 error, 1 left on base; Echo Park 0 - Toledo 0
BOTTOM OF THE 2ND
Toledo Stingers batting - Pitching for Echo Park Lakers : LHP Luis Díaz
Batting: LHB Lester Threlfall 0-0: Ball
1-0: Ball
2-0: SINGLE (Groundball, 34S, EV 68.8 MPH) (infield hit)
Batting: RHB David Alcabú 0-0: Ball
1-0: Fly out, F9 (Line Drive, 9D, EV 105.6 MPH)
Batting: LHB Pedro Serano 0-0: Ball
1-0: Ball
2-0: Ball
3-0: Base on Balls
Lester Threlfall to second
Batting: RHB Anselmo Berneu 0-0: Called Strike
0-1: Ball
1-1: Ball
2-1: Ball
3-1: Base on Balls
Lester Threlfall to third
Pedro Serano to second
Batting: LHB Grover Barbaran 0-0: Foul Ball, location: 2F
0-1: SINGLE (Line Drive, 4MD, EV 97.5 MPH)
Lester Threlfall scores
Pedro Serano to third
Anselmo Berneu to second
Batting: LHB Snow Wang 0-0: Ball
1-0: Fly out, F7 (Line Drive, 7, EV 93.8 MPH)
Runner from 3rd tags up, SCORES, throw by LF
Batting: RHB Brook Linen 0-0: Ball
1-0: Called Strike
1-1: Foul Ball, location: 2F
1-2: Ball
2-2: Ball
3-2: Base on Balls
Anselmo Berneu to third
Grover Barbaran to second
Batting: LHB Matt Dunlap 0-0: Ground out 4-3 (Groundball, 4, EV 91.2 MPH)
Bottom of the 2nd over - 2 runs, 2 hits, 0 errors, 3 left on base; Echo Park 0 - Toledo 2
TOP OF THE 3RD
Echo Park Lakers batting - Pitching for Toledo Stingers : RHP John Rigsby
Batting: SHB Akihiko Fujii 0-0: Ball
1-0: Foul Ball, location: 2F
1-1: Foul Ball, location: 2F
1-2: Strikes out swinging
Batting: LHB Armando Viña 0-0: Called Strike
0-1: Ball
1-1: Swinging Strike
1-2: Foul Ball, location: 2F
1-2: Foul Ball, location: 2F
1-2: Strikes out swinging
Batting: LHB Ramón Torres 0-0: Called Strike
0-1: Ground out 6-3 (Groundball, 6, EV 88.1 MPH)
Top of the 3rd over - 0 runs, 0 hits, 0 errors, 0 left on base; Echo Park 0 - Toledo 2
BOTTOM OF THE 3RD
Toledo Stingers batting - Pitching for Echo Park Lakers : LHP Luis Díaz
Batting: RHB Baldomero Avino 0-0: Ground out 6-3 (Groundball, 6, EV 82.5 MPH)
Batting: LHB Lester Threlfall 0-0: Called Strike
0-1: Ball
1-1: Foul Ball, location: 2F
1-2: Ball
2-2: Reached on error, E5 (Groundball, 56, EV 108.1 MPH)
Batting: RHB David Alcabú 0-0: Called Strike
0-1: Swinging Strike
0-2: Foul Ball, location: 2F
0-2: Ball
1-2: Strikes out swinging
Batting: LHB Pedro Serano 0-0: Ball
1-0: Called Strike
1-1: Called Strike
1-2: Ground out 4-3 (Groundball, 4, EV 83.8 MPH)
Bottom of the 3rd over - 0 runs, 0 hits, 1 error, 1 left on base; Echo Park 0 - Toledo 2
TOP OF THE 4TH
Echo Park Lakers batting - Pitching for Toledo Stingers : RHP John Rigsby
Batting: LHB Joe Schreibvogel 0-0: Ball
1-0: Ball
2-0: Fly out, F9 (Flyball, 9D, EV 103.8 MPH)
Batting: LHB Philip Todd 0-0: Ball
1-0: Ball
2-0: Foul Ball, location: 2F
2-1: Ground out 5-3 (Groundball, 5S, EV 74.4 MPH)
Batting: LHB Jonathan Winston 0-0: Ball
1-0: Called Strike
1-1: Swinging Strike
1-2: Ball
2-2: Strikes out swinging
Top of the 4th over - 0 runs, 0 hits, 0 errors, 0 left on base; Echo Park 0 - Toledo 2
BOTTOM OF THE 4TH
Toledo Stingers batting - Pitching for Echo Park Lakers : LHP Luis Díaz
Batting: RHB Anselmo Berneu 0-0: Called Strike
0-1: Ball
1-1: Ball
2-1: Foul Ball, location: 2F
2-2: Strikes out swinging
Batting: LHB Grover Barbaran 0-0: Called Strike
0-1: SINGLE (Flyball, 7LS, EV 97.5 MPH)
Batting: LHB Snow Wang 0-0: Ball
1-0: SINGLE (Groundball, 56D, EV 105.0 MPH)
Grover Barbaran to second
Batting: RHB Brook Linen 0-0: Ball
1-0: Ball
2-0: SINGLE (Flyball, 78S, EV 98.1 MPH)
Grover Barbaran to third
Snow Wang to second
Batting: LHB Matt Dunlap 0-0: Ball
1-0: Called Strike
1-1: Ball
2-1: Ball
3-1: Foul Ball, location: 2F
3-2: Base on Balls
Grover Barbaran scores
Snow Wang to third
Brook Linen to second
Pitching: RHP Fraser Long
Batting: RHB Baldomero Avino 0-0: Called Strike
0-1: Foul Ball, location: 2F
0-2: Fly out, F9 (Flyball, 9S, EV 93.1 MPH)
Batting: LHB Lester Threlfall 0-0: Ball
1-0: Ball
2-0: Ball
3-0: Called Strike
3-1: Base on Balls
Snow Wang scores
Brook Linen to third
Matt Dunlap to second
Batting: RHB David Alcabú 0-0: Ball
1-0: Ball
2-0: Swinging Strike
2-1: Called Strike
2-2: Ball
3-2: Base on Balls
Brook Linen scores
Matt Dunlap to third
Lester Threlfall to second
Batting: LHB Pedro Serano 0-0: Ball
1-0: Called Strike
1-1: Foul Ball, location: 2F
1-2: Foul Ball, location: 2F
1-2: Fly out, F7 (Flyball, 7, EV 81.2 MPH)
Bottom of the 4th over - 3 runs, 3 hits, 0 errors, 3 left on base; Echo Park 0 - Toledo 5
TOP OF THE 5TH
Echo Park Lakers batting - Pitching for Toledo Stingers : RHP John Rigsby
Batting: LHB Jon Kelly 0-0: Called Strike
0-1: Ball
1-1: Foul Ball, location: 2F
1-2: Strikes out swinging
Batting: LHB Ben Bullock 0-0: Foul Ball, location: 2F
0-1: Ball
1-1: Fly out, F7 (Flyball, 7LS, EV 87.5 MPH)
Batting: RHB Ryoma Yamamoto 0-0: Fly out, F8 (Flyball, 8LD, EV 100.6 MPH)
Top of the 5th over - 0 runs, 0 hits, 0 errors, 0 left on base; Echo Park 0 - Toledo 5
BOTTOM OF THE 5TH
Toledo Stingers batting - Pitching for Echo Park Lakers : RHP Fraser Long
Batting: RHB Anselmo Berneu 0-0: Ball
1-0: Ball
2-0: Ball
3-0: Called Strike
3-1: Ground out U3 (Groundball, 3S, EV 83.8 MPH)
Batting: LHB Grover Barbaran 0-0: Ball
1-0: SINGLE (Groundball, 34S, EV 73.8 MPH) (infield hit)
Batting: LHB Snow Wang 0-0: Grounds into double play, 4-6-3 (Groundball, 4, EV 87.5 MPH)
Bottom of the 5th over - 0 runs, 1 hit, 0 errors, 0 left on base; Echo Park 0 - Toledo 5
TOP OF THE 6TH
Echo Park Lakers batting - Pitching for Toledo Stingers : RHP John Rigsby
Batting: SHB Akihiko Fujii 0-0: Ground out 4-3 (Groundball, 4, EV 103.8 MPH)
Batting: LHB Armando Viña 0-0: Called Strike
0-1: Called Strike
0-2: Fly out, F4 (Popup, 4S, EV 70.6 MPH)
Batting: LHB Ramón Torres 0-0: Called Strike
0-1: Ball
1-1: Ball
2-1: SINGLE (Groundball, 6MD, EV 93.8 MPH)
Batting: LHB Joe Schreibvogel 0-0: Called Strike
0-1: Ball
1-1: Foul Ball, location: 2F
1-2: Ball
2-2: Foul Ball, location: 2F
2-2: Ground out 4-3 (Groundball, 34, EV 106.2 MPH)
Top of the 6th over - 0 runs, 1 hit, 0 errors, 1 left on base; Echo Park 0 - Toledo 5
BOTTOM OF THE 6TH
Toledo Stingers batting - Pitching for Echo Park Lakers : RHP Fraser Long
Batting: RHB Brook Linen 0-0: Ball
1-0: Called Strike
1-1: Foul Ball, location: 2F
1-2: Strikes out swinging
Pitching: RHP Craig Wash
Batting: LHB Matt Dunlap 0-0: Called Strike
0-1: Ground out 4-3 (Groundball, 4, EV 87.5 MPH)
Batting: RHB Baldomero Avino 0-0: Called Strike
0-1: Called Strike
0-2: Strikes out swinging
Bottom of the 6th over - 0 runs, 0 hits, 0 errors, 0 left on base; Echo Park 0 - Toledo 5
TOP OF THE 7TH
Echo Park Lakers batting - Pitching for Toledo Stingers : RHP John Rigsby
Batting: LHB Philip Todd 0-0: Ball
1-0: Swinging Strike
1-1: Ball
2-1: Ground out 4-3 (Groundball, 4, EV 84.4 MPH)
Batting: LHB Jonathan Winston 0-0: Swinging Strike
0-1: Called Strike
0-2: SINGLE (Groundball, 3D, EV 105.0 MPH)
Batting: LHB Jon Kelly 0-0: Called Strike
0-1: Ball
1-1: Ball
2-1: Ball
3-1: Base on Balls
Jonathan Winston to second
Batting: LHB Ben Bullock 0-0: Ball
1-0: Swinging Strike
1-1: Fielders Choice at 2nd, 4-6 (Groundball, 4M, EV 84.4 MPH)
Jonathan Winston to third
Batting: RHB Ryoma Yamamoto 0-0: Ball
1-0: Foul Ball, location: 2F
1-1: Ball
2-1: Foul Ball, location: 2F
2-2: Strikes out swinging
Top of the 7th over - 0 runs, 1 hit, 0 errors, 2 left on base; Echo Park 0 - Toledo 5
BOTTOM OF THE 7TH
Toledo Stingers batting - Pitching for Echo Park Lakers : RHP Craig Wash
Batting: LHB Lester Threlfall 0-0: Ball
1-0: Swinging Strike
1-1: Foul Ball, location: 2F
1-2: Ball
2-2: Fly out, F7 (Line Drive, 7, EV 103.1 MPH)
Batting: RHB David Alcabú 0-0: Called Strike
0-1: Ground out 5-3 (Groundball, 56, EV 87.5 MPH)
Batting: LHB Pedro Serano 0-0: Ball
1-0: Ball
2-0: Ball
3-0: Ground out 4-3 (Groundball, 34, EV 101.2 MPH)
Bottom of the 7th over - 0 runs, 0 hits, 0 errors, 0 left on base; Echo Park 0 - Toledo 5
TOP OF THE 8TH
Echo Park Lakers batting - Pitching for Toledo Stingers : RHP John Rigsby
Batting: SHB Akihiko Fujii 0-0: Fly out, F9 (Flyball, 9LM, EV 99.4 MPH)
Batting: LHB Armando Viña 0-0: Ball
1-0: Ball
2-0: Called Strike
2-1: Ball
3-1: Foul Ball, location: 2F
3-2: SINGLE (Groundball, 4MD, EV 100.6 MPH)
Pitching: LHP Mike Tate
Batting: LHB Ramón Torres 0-0: Ball
1-0: Swinging Strike
1-1: Fielders Choice at 2nd, 4-6 (Groundball, 4, EV 101.2 MPH)
Batting: LHB Joe Schreibvogel 0-0: Swinging Strike
0-1: Ball
1-1: SINGLE (Line Drive, 9S, EV 105.6 MPH)
Ramón Torres to second
Batting: LHB Philip Todd 0-0: Ball
1-0: Ball
Wild Pitch!
Ramón Torres to third
Joe Schreibvogel to second
2-0: Ball
3-0: Base on Balls
Batting: LHB Jonathan Winston 0-0: Swinging Strike
0-1: Ball
1-1: Called Strike
1-2: Ball
2-2: Strikes out looking
Top of the 8th over - 0 runs, 2 hits, 0 errors, 3 left on base; Echo Park 0 - Toledo 5
BOTTOM OF THE 8TH
Toledo Stingers batting - Pitching for Echo Park Lakers : RHP Craig Wash
Batting: RHB Anselmo Berneu 0-0: Ball
1-0: Ball
2-0: Ball
3-0: Called Strike
3-1: Base on Balls
Pitching: RHP Chun-mei Bao
Batting: LHB Grover Barbaran 0-0: Foul Ball, location: 2F
0-1: Fielders Choice at 2nd, 4-6 (Groundball, 4S, EV 84.4 MPH)
Batting: LHB Snow Wang 0-0: Fielders Choice at 2nd, 3-6 (Groundball, 34, EV 85.0 MPH)
Batting: RHB Brook Linen 0-0: Foul Ball, location: 2F
0-1: Ball
1-1: Ball
2-1: Swinging Strike
2-2: Fly out, F8 (Flyball, 78D, EV 94.4 MPH)
Bottom of the 8th over - 0 runs, 0 hits, 0 errors, 1 left on base; Echo Park 0 - Toledo 5
TOP OF THE 9TH
Echo Park Lakers batting - Pitching for Toledo Stingers : LHP Mike Tate
Batting: LHB Jon Kelly 0-0: Swinging Strike
0-1: Ball
1-1: Ball
2-1: Called Strike
2-2: Foul Ball, location: 2F
2-2: Strikes out swinging
Batting: LHB Ben Bullock 0-0: Swinging Strike
0-1: Ground out U3 (Groundball, 34, EV 111.2 MPH)
Batting: RHB Ryoma Yamamoto 0-0: Reached on error, E7 (Flyball, 78S, EV 76.9 MPH)
Batting: SHB Akihiko Fujii 0-0: Ground out 5-3 (Groundball, 5L, EV 85.6 MPH)
Top of the 9th over - 0 runs, 0 hits, 1 error, 1 left on base; Echo Park 0 - Toledo 5
Friday, March 26th, 2021 - OOTP Baseball 20.8 Build 74